 Dungeon Crawl Stone Soup version 0.23-a0-650-ga4d50d4 (webtiles) character file.

29 Amnesiac the Digger (level 3, 0/14 HPs)
             Began as a Felid Earth Elementalist on Jan 5, 2019.
             Succumbed to an adder's poison
             ... on level 4 of the Dungeon.
             The game lasted 00:01:11 (746 turns).

Amnesiac the Digger (Felid Earth Elementalist)       Turns: 746, Time: 00:01:12

Health: 0/14       AC:  1    Str:  4    XL:     3   Next: 1%
Magic:  7/7        EV: 18    Int: 17    God:
Gold:   59         SH:  0    Dex: 16    Spells: 3/6 levels left
                                        Lives:  0   Deaths: 0

rFire    . . .     SeeInvis +     - Unarmed
rCold    . . .     Gourm    .   (shield unavailable)
rNeg     . . .     Faith    .   (armour unavailable)
rPois    .         Spirit   .   (helmet unavailable)
rElec    .         Reflect  .   (cloak unavailable)
rCorr    .         Harm     .   (gloves unavailable)
MR       .....                  (boots unavailable)
Stlth    +++.......             (no amulet)
HPRegen  0.04/turn              (no ring)
MPRegen  0.10/turn              (no ring)

@: lethally poisoned (0 -> -12), quick
A: very small, no armour, no weapons or thrown items, stealth, claws 1, fangs 3,
see invisible, carnivore, speed 1, shaggy fur 1, slow metabolism 1, sharp paws
a: no special abilities


You were on level 4 of the Dungeon.
You were completely stuffed.

You visited 1 branch of the dungeon, and saw 4 of its levels.

You collected 59 gold pieces.

Inventory:

Missiles
 b - 38 stones
Scrolls
 a - a scroll of remove curse {!r, unknown}
 d - 3 scrolls of identify {!r, unknown}
Comestibles
 c - 3 rations
 f - a chunk of flesh


   Skills:
 - Level 2.6 Dodging
 - Level 3.0 Stealth
 - Level 1.0 Unarmed Combat
 + Level 2.3 Spellcasting
 - Level 1.1 Transmutations
 * Level 3.2 Earth Magic


You had 3 spell levels left.
You knew the following spells:

 Your Spells              Type           Power        Failure   Level  Hunger
a - Sandblast             Erth           ##....       4%          1    #......
b - Passwall              Tmut/Erth      #.......     12%         2    ###....

Your spell library contained the following spells:

 Spells                   Type           Power        Failure   Level  Hunger
 Stone Arrow              Conj/Erth      #.....       28%         3    ###....
 Petrify                  Tmut/Erth      #.......     58%         4    #####..
 Lee's Rapid Deconstruct  Erth           ##........   80%         5    ######.


Dungeon Overview and Level Annotations

Branches:
Dungeon (4/15)
 Temple: D:4-7

Altars:


Innate Abilities, Weirdness & Mutations

You cannot wear armour.
You are incapable of wielding weapons or throwing items.
Your paws allow you to move quietly. (Stealth)
You have sharp claws.
You have razor-sharp teeth.
You have supernaturally acute eyesight. (SInv)
You are carnivorous and can eat meat at any time.
You cover ground quickly.
You are covered in fur. (AC +1)
You have a slow metabolism.
Your sharp claws are effective at attacking unaware monsters.


Message History

Some of the chunks of flesh in your inventory have rotted away. x2
HP restored.
There is a stone staircase leading down here.
You start resting.
HP restored.
You climb downwards.
There is a stone staircase leading up here.
Memorise Passwall, consuming 2 spell levels and leaving 3?
You start memorising the spell.
You continue memorising. x2
You finish memorising.
Spell assigned to 'b'.
Found a stone staircase leading down.
An orc comes into view. It is wielding a +0 club.
The orc shouts!
An orc comes into view. It is wielding a +0 trident.
An orc priest comes into view. It is wielding a +0 hand axe.
The orc priest shouts!
You hear a shout!
An adder comes into view.
Found 2 bubbling purple potions.
A frilled lizard comes into view.
The frilled lizard moves out of view.
The orc priest looks satisfied for a moment.
An orc priest comes into view.
The orc misses you.
The orc priest looks encouraged for a moment.
The adder hisses angrily.
The frilled lizard hisses angrily.
The orc completely misses you.
There is a stone staircase leading down here.
You climb downwards. 2 gnolls and 3 orcs come into view.
The gnoll shouts!
You hear a shout!
The orc shouts! x2; You hear a shout!
The gnoll shouts!
There is a stone staircase leading up here.
The orc shouts!
The orc barely misses you.
You hear an angry hiss.
An adder comes into view.
The adder hisses angrily.
A gnoll comes into view.
An orc comes into view.
It is wielding a +1 hand axe of electrocution.
The orc throws an exploding tomahawk.
The exploding tomahawk closely misses you.
The exploding tomahawk explodes!
The explosion of tomahawk fragments engulfs you!
The explosion of tomahawk fragments engulfs the adder.
You hear a shout!
An orc comes into view.
It is wielding a +1 flail of distortion and wearing a The adder bites you.
You are poisoned.
The adder poisons you!
You feel sick. The adder bites you.
* * * LOW HITPOINT WARNING * * *
You aren't carrying any potions.
The orc throws a tomahawk.
The tomahawk misses you. The orc barely misses you.
* * * LOW HITPOINT WARNING * * *
You feel sick.
The orc throws a tomahawk.
The tomahawk misses you.
* * * LOW HITPOINT WARNING * * *
You feel sick. The adder bites you.
* * * LOW HITPOINT WARNING * * *
You are more poisoned.
The adder poisons you!
* * * LOW HITPOINT WARNING * * *
You feel sick. The adder misses you.
You die...

### .. #.
######.#########.
........@.........
...##.....#.............#
..#..........ooSo######
...........goo...#
#................#
#...g......g.....#
#........g..o....#
#................#
#..<.............#


You could see 3 gnolls, an adder and 6 orcs.

Vanquished Creatures
  2 adders (D:2)
  A dart slug (D:2)
  A bat (D:2)
  A giant cockroach (D:2)
  2 goblins (D:2)
  A hobgoblin (D:1)
  A rat (D:2)
9 creatures vanquished.

Notes
Turn   | Place    | Note
-------+----------+-------------------------------------------
     0 | D:1      | Amnesiac the Felid Earth Elementalist began the quest for
                  | the Orb.
     0 | D:1      | Reached XP level 1. HP: 7/7 MP: 4/4
   257 | D:2      | Reached XP level 2. HP: 11/11 MP: 3/6
   363 | D:2      | Reached skill level 1 in Unarmed Combat
   373 | D:2      | Reached XP level 3. HP: 10/14 MP: 5/7
   711 | D:3      | Learned a level 2 spell: Passwall
   746 | D:4      | Succumbed to an adder's poison

Vault maps used:
D:1:      tarquinn_simple_flora_water_d
D:3:      minmay_goblin_kobold_castle
D:4:      minmay_evil_eye, nicolae_overflow_crystal_walls, minmay_checkerbox,
          uniq_grinder

Skill      XL: |  1  2 |
---------------+-------+-----
Stealth        | 3 |  3.0
Earth Magic    | 3 |  3.2
Unarmed Combat | 1 |  1.0
Dodging        | |  2.6
Spellcasting   | |  2.3
Transmutations | |  1.1

Action                   || total
-------------------------++-------
Melee: Unarmed           ||    14
 Cast: Sandblast         ||    10
 Stab: Sleeping          ||     1
  Eat: Chunk             ||     7
Dodge: Dodged            ||    18

Table legend:
 A = Non-vault XP
 B = Vault XP
 C = Vault XP percentage of total XP
 D = Non-vault monster count
 E = Vault monster count
 F = Vault count percentage of total count
                 A         B        C        D         E       F
            +---------+---------+-------+---------+---------+-------
      Total |      42 |       0 |   0.0 |       9 |       0 |   0.0
            +---------+---------+-------+---------+---------+-------
        D:1 |       2 |       0 |   0.0 |       1 |       0 |   0.0
        D:2 |      40 |       0 |   0.0 |       8 |       0 |   0.0
            +---------+---------+-------+---------+---------+-------
